 Dungeon Crawl Stone Soup version 0.28-a0-1227-ga9037bb4c8 (webtiles) character file.

Game seed: 12520143396417147520

1038 ytrimaz the Cleaver (level 8, 0/70 HPs)
             Began as a Hill Orc Fighter on Dec 23, 2021.
             Was an Initiate of Beogh.
             Slain by a two-headed ogre (5 damage)
             ... on level 7 of the Dungeon.
             The game lasted 00:07:20 (5998 turns).

ytrimaz the Cleaver (Hill Orc Fighter)              Turns: 5998, Time: 00:07:21

Health: 0/70       AC: 11    Str: 21    XL:     8   Next: 24%
Magic:  8/8        EV:  7    Int:  8    God:    Beogh [......]
Gold:   211        SH:  4    Dex: 10    Spells: 7/7 levels left

rFire   . . .      SeeInvis .   a - +0 war axe
rCold   . . .      Faith    .   c - +0 buckler
rNeg    . . .      Spirit   .   k - +0 chain mail
rPois   .          Reflect  .   (no helmet)
rElec   .          Harm     .   (no cloak)
rCorr   .          Rampage  .   (no gloves)
Will    .....                   g - +0 pair of boots
Stlth   ..........              j - amulet of magic regeneration
HPRegen 0.21/turn               y - ring of wizardry
MPRegen 0.51/turn               (no ring)

@: no status effects
A: no striking features
a: Renounce Religion


You were on level 7 of the Dungeon.
You worshipped Beogh.
Beogh was noncommittal.
You visited 1 branch of the dungeon, and saw 7 of its levels.
You also visited: Sewer.

You collected 211 gold pieces.

Inventory:

Hand Weapons
 a - a +0 war axe (weapon)
Missiles
 b - 5 boomerangs (quivered)
Armour
 c - a +0 buckler (worn)
 g - a +0 pair of boots (worn)
 k - a +0 chain mail (worn)
Jewellery
 j - an amulet of magic regeneration (around neck)
 y - a ring of wizardry (left hand)
Wands
 l - a wand of charming (15)
 n - a wand of digging (7)
 o - a wand of acid (21)
 p - a wand of mindburst (22)
Scrolls
 t - a scroll of magic mapping
 w - a scroll of fog
 x - a scroll of identify
Potions
 d - a potion of mutation
 e - a potion of magic {unknown}
 f - 2 potions of curing {unknown}
 h - 2 potions of attraction
 i - a potion of berserk rage {unknown}
 m - 3 potions of heal wounds
 q - a potion of brilliance {unknown}
 r - 2 potions of invisibility {unknown}
 s - 4 potions of might
 u - 2 potions of haste {unknown}
 v - a potion of lignification {unknown}
 z - a potion of ambrosia {unknown}


   Skills:
 + Level 5.9 Fighting
 + Level 8.8 Axes
 * Level 2.5 Throwing
 + Level 5.5 Armour
 - Level 4.0 Shields


You had 7 spell levels left.
You didn't know any spells.
Your spell library contained the following spells:

 Spells                   Type           Power      Damage    Failure   Level
 Animate Skeleton         Necr           0%         N/A       78%         1
 Pain                     Necr           0%         1d4       78%         1
 Call Canine Familiar     Summ           0%         N/A       98%         3
 Gell's Gravitas          Tloc           0%         N/A       98%         3
 Portal Projectile        Hex/Tloc       0%         N/A       98%         3
 Teleport Other           Tloc           0%         N/A       98%         3
 Vampiric Draining        Necr           0%         2d6       98%         3
 Leda's Liquefaction      Hex/Erth       0%         N/A       100%        4
 Dispersal                Tloc           0%         N/A       100%        6


Dungeon Overview and Level Annotations

Branches:
Dungeon (7/15)              Sewer (visited)
 Temple: D:4-7

Altars:
Dithmenos
Qazlal
Uskayaw
Vehumet
Xom

Shops:
D:1 =   D:5 *


Message History

The two-headed ogre is lightly wounded.
You hit the two-headed ogre.
The two-headed ogre is lightly wounded.
The centaur shoots an arrow.
The arrow hits you.
The two-headed ogre hits you with a +0 giant club!!
* * * LOW HITPOINT WARNING * * *
The two-headed ogre hits you with a +0 giant club!
* * * LOW HITPOINT WARNING * * *
The centaur shoots an arrow.
The arrow hits you.
* * * LOW HITPOINT WARNING * * *
Unknown command.
You feel much better.
The centaur shoots an arrow.
The arrow hits you. The two-headed ogre barely misses you.
The two-headed ogre hits you with a +0 giant club.
A scorpion comes into view.
The centaur shoots an arrow.
The arrow hits you.
* * * LOW HITPOINT WARNING * * *
Unknown command.
You feel much better.
The centaur shoots an arrow.
The arrow hits you but does no damage. You block the two-headed ogre's attack.
The two-headed ogre hits you but does no damage.
Unknown command.
The centaur shoots an arrow.
The arrow hits you!
The centaur shoots an arrow.
The arrow barely misses you.
Unknown command.
There is a stone staircase leading down here.
You climb downwards.
There is a stone staircase leading up here.
Unknown command.
You slash the two-headed ogre!
The two-headed ogre is heavily wounded.
You block the two-headed ogre's attack.
The two-headed ogre hits you with a +0 giant club!!
* * * LOW HITPOINT WARNING * * *
You slash the two-headed ogre!
The two-headed ogre is heavily wounded.
The two-headed ogre hits you with a +0 giant club!
* * * LOW HITPOINT WARNING * * *
The two-headed ogre hits you with a +0 giant club.
You die... ####### #...O@# #.#####

You could see a two-headed ogre.

Vanquished Creatures
  Sigmund (D:2)
  An ogre (D:4)
  A kobold brigand (Sewer)
  A scorpion (D:4)
  A water moccasin skeleton (D:4)
  A bullfrog zombie (D:5)
  A centaur zombie (D:5)
  A jelly (D:4)
  2 bullfrog skeletons (D:5)
  A centaur skeleton (D:5)
  A gnoll shaman (D:4)
  Jessica (D:2)
  Ijyb (D:3)
  Natasha (twice) (D:4)
  An iguana (D:5)
  An orc wizard (D:5)
  Robin (D:2)
  5 adders
  3 gnolls (D:4)
  4 river rats (Sewer)
  A shadow imp (D:5)
  A white imp (D:5)
  A worm (D:2)
  4 dart slugs
  3 orcs (D:5)
  9 endoplasms
  3 giant cockroaches
  17 goblins
  7 hobgoblins
  2 jackals (D:4)
  20 kobolds
  5 quokkas
  15 ball pythons
  5 bats
  5 frilled lizards
  29 rats
158 creatures vanquished.

Notes
Turn   | Place    | Note
-------+----------+-------------------------------------------
     0 | D:1      | ytrimaz the Hill Orc Fighter began the quest for the Orb.
     0 | D:1      | Reached XP level 1. HP: 19/19 MP: 1/1
   293 | D:1      | Reached XP level 2. HP: 25/27 MP: 2/2
   736 | D:1      | Reached skill level 3 in Axes
   885 | D:1      | Found Zekh's Jewellery Shop.
  1087 | D:1      | Reached XP level 3. HP: 33/33 MP: 3/3
  1218 | D:2      | Noticed Sigmund
  1235 | D:2      | Killed Sigmund
  1236 | D:2      | Reached skill level 5 in Axes
  1236 | D:2      | Reached XP level 4. HP: 14/41 MP: 4/4
  1236 | D:2      | Reached XP level 5. HP: 17/47 MP: 5/5
  1516 | D:2      | Noticed Robin
  1516 | D:2      | Noticed Jessica
  1531 | D:2      | Killed Robin
  1532 | D:2      | Killed Jessica
  1533 | D:2      | Reached skill level 6 in Axes
  1533 | D:2      | Reached XP level 6. HP: 38/53 MP: 6/6
  2369 | D:2      | Found a faded altar of an unknown god.
  2906 | D:3      | Found a radiant altar of Vehumet.
  2929 | D:3      | Noticed Ijyb
  2959 | D:3      | Killed Ijyb
  3282 | D:3      | Found a glowing drain.
  3287 | Sewer    | Entered a sewer
  3578 | Sewer    | Reached skill level 5 in Fighting
  3578 | Sewer    | Reached skill level 7 in Axes
  3578 | Sewer    | Reached skill level 1 in Throwing
  3578 | Sewer    | Reached XP level 7. HP: 34/61 MP: 7/7
  4203 | D:4      | Reached skill level 5 in Armour
  4209 | D:4      | Reached skill level 8 in Axes
  4305 | D:4      | Noticed Natasha
  4322 | D:4      | Killed Natasha
  4569 | D:4      | Found a shadowy altar of Dithmenos.
  4606 | D:4      | Noticed Natasha
  4614 | D:4      | Killed Natasha
  4756 | D:4      | Found a shimmering altar of Xom.
  4926 | D:5      | Entered Level 5 of the Dungeon
  4940 | D:5      | Reached XP level 8. HP: 54/69 MP: 8/8
  5049 | D:5      | Found a hide-covered altar of Uskayaw.
  5085 | D:5      | Found Fuohacoi's General Store.
  5242 | D:5      | Became a worshipper of Beogh the Brigand
  5632 | D:5      | Found a stormy altar of Qazlal.
  5983 | D:6      | Noticed a two-headed ogre
  5988 | D:6      | HP: 3/70 [centaur/arrow (1)]
  5998 | D:7      | Slain by a two-headed ogre

Illustrated notes

Levels and vault maps discovered:
D:1:      shiori_arrival_elements, layout_loops_corners, serial_shops,
          shop_fountains
D:2:      layout_loops_corners, chequers_ecumenical_altar_simple_redux,
          minmay_fractal_squares_5, uniq_sigmund, uniq_jessica, uniq_robin
D:3:      layout_rooms, mainiacjoe_overflow_cross_hatched, portal_sewer_entry_e,
          interstate_on_off, dk_noncrumbling_3, uniq_ijyb
D:4:      layout_cave_pools, lemuel_coloured_pillars_altar,
          mainiacjoe_overflow_catwalk, nicolae_concentric_dashed_squares_mild,
          uniq_natasha
D:5:      layout_cave_pods, grunt_qazlal_clouds, eat_drink_and_be_merry_uskayaw,
          serial_shops, nicolae_square_shop, chequers_garden
D:6:      layout_cave_pools
D:7:      layout_basic, minmay_temple_entry_junction, uniq_pikel

Skill      XL: |  1  2  3  4  5  6  7 |
---------------+----------------------+-----
Axes           | 3 5 6 7 8 |  8.8
Fighting       | 4 5 |  5.9
Armour         | 4 5 |  5.5
Shields        | 4 |  4.0
Throwing       | 1 2 |  2.5

Action                   |  1- 3 |  4- 6 |  7- 9 || total
-------------------------+-------+-------+-------++-------
Melee: War axe           |    91 |   195 |   121 ||   407
Throw: Boomerang         |       |       |     1 ||     1
Invok: Convert to Beogh  |       |       |     1 ||     1
  Use: Potion            |     1 |       |     2 ||     3
       Scroll            |       |     2 |     5 ||     7
Armor: Scale mail        |    50 |    41 |       ||    91
       Chain mail        |       |    70 |    84 ||   154
Dodge: Dodged            |    48 |    94 |    47 ||   189
Block: Buckler           |    25 |    50 |    39 ||   114

Table legend: (Time is in decaauts)
 A = Elapsed time spent in this place.
 B = Non-inter-level travel time spent in this place.
 C = Inter-level travel time spent in this place.
 D = Time resting spent in this place.
 E = Time spent auto-exploring this place.
 F = Levels seen in this place.
 G = Mean time per level.
                   A        B        C        D        E       F      G
               +--------+--------+--------+--------+--------+-----+--------+
         Total |   6113 |   6039 |     74 |    103 |   4719 |   8 |  764.1 |
       Dungeon |   5393 |   5319 |     74 |    100 |   4204 |   7 |  770.4 |
         Sewer |    720 |    720 |      0 |      3 |    514 |   1 |  720.0 |
               +--------+--------+--------+--------+--------+-----+--------+

Top non-repeatable levels by time:
     D:2: 1568 daAuts
     D:1: 1232 daAuts
     D:5: 1020 daAuts
     D:4: 907 daAuts
   Sewer: 720 daAuts
     D:3: 610 daAuts
     D:6: 52 daAuts
     D:7: 1 daAuts
